 Dungeon Crawl Stone Soup version 0.19-a0-414-g76fec5b (webtiles) character file.

25 Skanax the Grave Robber (level 2, -3/19 HPs)
             Began as a Demonspawn Necromancer on May 31, 2016.
             Slain by a gnoll
             ... wielding a +0 spear
              (5 damage)
             ... on level 2 of the Dungeon.
             The game lasted 00:08:39 (723 turns).

Skanax the Grave Robber (Demonspawn Necromancer)     Turns: 723, Time: 00:08:40

Health: -3/19      AC:  8    Str:  8    XL:     2   Next: 82%
Magic:  1/5        EV: 12    Int: 16    God:
Gold:   21         SH:  0    Dex: 13    Spells: 2 memorised, 3 levels left

rFire  . . .     SeeInvis .     d - +0 short sword
rCold  . . .     Gourm    .     a - +0 robe
rNeg   . . .     Faith    .     (no shield)
rPois  .         Spirit   .     (no helmet)
rElec  .         Dismiss  .     (no cloak)
rCorr  .         Reflect  .     (no gloves)
SustAt .         Harm     .     (no boots)
MR     .....                    (no amulet)
Stlth  ++........               (no ring)
                                k - +6 ring of protection

@: not resistant to hostile enchantments, unstealthy
A: hooves 1
a: no special abilities


You were on level 2 of the Dungeon.
You were not hungry.

You visited 1 branch of the dungeon, and saw 2 of its levels.

You collected 21 gold pieces.

Inventory:

Hand Weapons
 d - a +0 short sword (weapon)
Missiles
 g - 14 poisoned needles
 j - 15 arrows
Armour
 a - a +0 robe (worn)
 e - a +0 robe
Jewellery
 k - a +6 ring of protection (left hand)
Scrolls
 i - a scroll of identify
Potions
 f - a potion of brilliance {unknown}
Books
 b - a book of Necromancy

   Spells                             Type                      Level
   a - Pain                           Necromancy                   1
   b - Animate Skeleton               Necromancy                   1
   c - Vampiric Draining              Necromancy                   3
   d - Regeneration                   Charms/Necromancy            3
   e - Animate Dead                   Necromancy                   4
   f - Control Undead                 Necromancy                   4
Comestibles
 c - 2 bread rations
 h - 2 chunks of flesh


   Skills:
 + Level 1.7 Dodging
 + Level 1.8 Stealth
 + Level 2.3 Spellcasting
 + Level 5.0 Necromancy


You had 3 spell levels left.
You knew the following spells:

 Your Spells              Type           Power        Failure   Level  Hunger
a - Pain                  Necr           ###.         2%          1    #......
b - Animate Skeleton      Necr           N/A          2%          1    #......


Dungeon Overview and Level Annotations

Branches:
Dungeon (2/15)

Altars:


Innate Abilities, Weirdness & Mutations

You have large cloven feet.


Message History

Press: ? - help, Shift-Dir - straight line, f/p - gnoll
Aim: a gnoll, wielding a spear (moderately wounded, chance to defeat MR: 84%)
The gnoll convulses in agony!
Casting: Pain
Confirm with . or Enter, or press ? or * to list all spells.
Aiming: Pain
Press: ? - help, Shift-Dir - straight line, f/p - gnoll
Aim: a gnoll, wielding a spear (moderately wounded, chance to defeat MR: 84%)
The kobold barely resists.
The gnoll completely misses you.
You closely miss the kobold. The kobold misses you.
The gnoll hits you from afar with a spear.
The gnoll hits you but does no damage. The kobold barely misses you.
The gnoll closely misses you.
You see here a leather armour.
The kobold closely misses you. The gnoll closely misses you.
The gnoll hits you from afar with a spear!
* * * LOW HITPOINT WARNING * * *
The gnoll hits you from afar with a spear.
You die...

.........#
.......###
......† #
#...#
#.###..(####
#..........+
#####gg..####
#...K[#..#
#...@.#.....
#....<##.####
#.....# ..
#.....# ...
#.....# ....
#..######
.... ##. #.


You could see 2 gnolls and a kobold.

Vanquished Creatures
  A dart slug (D:1)
  3 bats
  A giant cockroach (D:1)
  2 goblins (D:1)
  6 hobgoblins (D:1)
  2 jackals (D:1)
  A giant newt (D:2)
  A kobold (D:1)
  4 rats (D:1)
21 creatures vanquished.

Notes
Turn   | Place    | Note
--------------------------------------------------------------
     0 | D:1      | Skanax the Demonspawn Necromancer began the quest for the Orb.
     0 | D:1      | Reached XP level 1. HP: 13/13 MP: 3/3
     5 | D:1      | Learned a level 1 spell: Animate Skeleton
   211 | D:1      | Gained mutation: You have large cloven feet. [demonic ancestry]
   211 | D:1      | Reached XP level 2. HP: 13/19 MP: 0/5
   538 | D:1      | Reached skill level 5 in Necromancy
   723 | D:2      | Slain by a gnoll

Vault maps used:
D:1:      moated_graveyard_arrival, feat_on_display
D:2:      minmay_surrounded

Skill      XL: |  1  2 |
---------------+-------+-----
Necromancy     | 5 |  5.0
Dodging        | |  1.7
Stealth        | |  1.8
Spellcasting   | |  2.3

Action                   || total
-------------------------++-------
Melee: Short sword       ||    15
       Kick              ||     2
 Cast: Pain              ||    34
       Animate Skeleton  ||     2
  Use: Scroll            ||     5
Armor: Robe              ||     7
Dodge: Dodged            ||    20
